 Dungeon Crawl Stone Soup version 0.23.2-33-g5129a83184 (webtiles) character file.

Game seed: 5392805302030566852

51 psyvane the Vexing (level 3, -3/33 HPs)
             Began as an Ogre Arcane Marksman on July 14, 2019.
             Slain by a sky beast (5 damage)
             ... on level 2 of the Dungeon.
             The game lasted 00:06:20 (2267 turns).

psyvane the Vexing (Ogre Arcane Marksman)           Turns: 2267, Time: 00:06:20

Health: -3/33      AC:  3    Str: 13 (15) XL:     3   Next: 81%
Magic:  1/4        EV: 10    Int: 12 (14) God:
Gold:   72         SH:  0    Dex:  7 (9)  Spells: 1/4 levels left

rFire    . . .     SeeInvis .   g - +1 club
rCold    . . .     Gourm    .   (no shield)
rNeg     . . .     Faith    .   a - +0 robe
rPois    .         Spirit   .   (helmet restricted)
rElec    .         Reflect  .   (no cloak)
rCorr    .         Harm     .   (gloves unavailable)
MR       .....                  (boots unavailable)
Stlth    +.........             (no amulet)
HPRegen  0.11/turn              (no ring)
MPRegen  0.09/turn              (no ring)

@: very slightly contaminated
A: large, unfitting armour, tough skin 1
a: no special abilities


You were on level 2 of the Dungeon.
You were not hungry.

You visited 1 branch of the dungeon, and saw 2 of its levels.

You collected 72 gold pieces.

Inventory:

Hand Weapons
 g - a +1 club (weapon)
Missiles
 c - 4 large rocks (quivered)
 d - 2 throwing nets
Armour
 a - a +0 robe (worn)
Scrolls
 b - 2 scrolls of enchant weapon
 e - a scroll of immolation {unknown}
 i - a scroll of fear {unknown}
 j - a scroll of identify {unknown}
 m - a scroll of teleportation {unknown}
Comestibles
 f - 4 rations
 n - 2 chunks of flesh


   Skills:
 - Level 1.3 Fighting
 - Level 2.0 Throwing
 - Level 1.7 Dodging
 - Level 1.2 Spellcasting
 * Level 4.2 Hexes


You had one spell level left.
You knew the following spells:

 Your Spells              Type           Power        Failure   Level  Hunger
a - Corona                Hex            ##.....      5%          1    ##.....
b - Slow                  Hex            ##......     8%          2    ###....

Your spell library contained the following spells:

 Spells                   Type           Power        Failure   Level  Hunger
 Inner Flame              Hex/Fire       #.......     36%         3    ####...
 Portal Projectile        Hex/Tloc       #.....       36%         3    ####...
 Cause Fear               Hex            ##........   45%         4    #####..
 Leda's Liquefaction      Hex/Erth       #.........   77%         4    #####..


Dungeon Overview and Level Annotations

Branches:
Dungeon (2/15)

Altars:


Innate Abilities, Weirdness & Mutations

You are too large for most types of armour.
You have tough skin. (AC +1)


Message History

It is a scroll of enchant weapon.
Your +0 club glows red for a moment.
Something completely misses you.
You hit something. Something hits you but does no damage.
A sky beast appears from thin air!
Reactivating autopickup.
The sky beast completely misses you.
You hit the sky beast.
The sky beast is heavily wounded.
The sky beast hits you but does no damage.
Casting: Corona (safe; 5% risk of failure)
Confirm with . or Enter, or press ? or * to list all spells.
Aiming: Corona (safe; 5% risk of failure)
Press: ? - help, Shift-Dir - straight line, f/p - sky beast
Aim: a sky beast (heavily wounded, chance to defeat MR: 46%)
The sky beast is outlined in light.
You feel less wooden.
Your +0 robe unmelds from your body.
The sky beast hits you.
* * * LOW HITPOINT WARNING * * *
The sky beast shocks you.
You die...

#......# ##.......##
##.###.# #.#.#..##
##.....## #####.#
#...#...# ##...##
#....# #.#####†# ##'##
#.#### #...#...# #.#
#.# #...#..## ###.#
#.# #......#
##.#.##########.#
#....<.#
##.#...##........#
##.#####
#.###@....########
##.#.########.#.Y.####
#.###..........#.##
##.#.###########.#
##.## #.# ### #.# #.#
#.# #.#


You could see a sky beast.

Vanquished Creatures
  An adder (D:2)
  An ooze (D:2)
  A worm (D:2)
  A dart slug (D:1)
  2 leopard geckos (D:2)
  A giant cockroach (D:1)
  7 goblins
  3 hobgoblins
  4 bats
  2 frilled lizards
  3 kobolds (D:1)
  3 rats (D:1)
29 creatures vanquished.

Notes
Turn   | Place    | Note
-------+----------+-------------------------------------------
     0 | D:1      | psyvane the Ogre Arcane Marksman began the quest for the
                  | Orb.
     0 | D:1      | Reached XP level 1. HP: 19/19 MP: 2/2
   216 | D:1      | Reached skill level 3 in Hexes
   387 | D:1      | Reached XP level 2. HP: 24/27 MP: 1/3
   391 | D:1      | Learned a level 2 spell: Slow
  1402 | D:1      | Reached XP level 3. HP: 31/33 MP: 2/4
  1755 | D:2      | Reached skill level 4 in Hexes
  2228 | D:2      | Noticed a sky beast
  2267 | D:2      | Slain by a sky beast

Skill      XL: |  1  2  3 |
---------------+----------+-----
Hexes          | 3 4 |  4.2
Fighting       | |  1.3
Throwing       | |  2.0
Dodging        | |  1.7
Spellcasting   | |  1.2

Action                   || total
-------------------------++-------
Melee: Unarmed           ||    94
       Club              ||    73
Throw: Large rock        ||     3
 Cast: Corona            ||    44
       Slow              ||     3
  Use: Potion            ||     3
       Scroll            ||     1
 Stab: Invisible         ||     1
  Eat: Chunk             ||     6
Armor: Robe              ||    56
       Skin              ||    24
Dodge: Dodged            ||    73
